 Dungeon Crawl Stone Soup version 0.22.1-1-ga44c0e56f4 (webtiles) character file.

2828 Reeggar the Chopper (level 9, 0/68 HPs)
             Began as a Demonspawn Fighter on Nov 3, 2018.
             Was a Priest of Nemelex Xobeh.
             Slain by a gnoll
             ... wielding a +0 spear
              (3 damage)
             ... on level 8 of the Dungeon on Nov 5, 2018.
             The game lasted 00:36:20 (8064 turns).

Reeggar the Chopper (Demonspawn Fighter)            Turns: 8064, Time: 00:36:20

Health: 0/68       AC: 16    Str: 25    XL:     9   Next: 45%
Magic:  13/13      EV:  7    Int:  9    God:    Nemelex Xobeh [***...]
Gold:   315        SH: 10    Dex: 13    Spells: 13/14 levels left

rFire    . . .     SeeInvis +   a - +1 war axe
rCold    + . .     Gourm    .   c - +0 shield
rNeg     . . .     Faith    .   x - +0 chain mail
rPois    .         Spirit   .   t - +2 helmet {SInv}
rElec    .         Reflect  .   (no cloak)
rCorr    .         Harm     .   (no gloves)
MR       .....                  (boots unavailable)
Stlth    ..........             (no amulet)
HPRegen  0.21/turn              s - ring of protection from cold
MPRegen  0.13/turn              (no ring)

@: mighty
A: talons 3, molten scales 2, powered by pain 1
a: Triple Draw, Renounce Religion


You were on level 8 of the Dungeon.
You worshipped Nemelex Xobeh.
Nemelex Xobeh was most pleased with you.
You were not hungry.

You visited 1 branch of the dungeon, and saw 8 of its levels.

You collected 315 gold pieces.

Inventory:

Hand Weapons
 a - a +1 war axe (weapon)
 z - a cursed -2 hand axe
Armour
 c - a +0 shield (worn)
 t - a +2 helmet of see invisible (worn)
 x - a +0 chain mail (worn)
Jewellery
 p - a +3 ring of evasion
 s - a ring of protection from cold (left hand)
 D - a cursed amulet of inaccuracy {unknown}
Wands
 w - a wand of iceblast (9)
 y - a wand of acid (10)
Scrolls
 h - a scroll of brand weapon {unknown}
 n - 3 scrolls of magic mapping
 r - 4 scrolls of remove curse
 u - a scroll of teleportation
 B - 3 scrolls of identify
Potions
 b - a potion of lignification {unknown}
 g - a potion of heal wounds {unknown}
 i - a potion of brilliance {unknown}
 j - a potion of mutation {unknown}
 l - a potion of berserk rage {unknown}
 o - 2 potions of ambrosia {unknown}
 q - 3 potions of haste {unknown}
 A - a potion of flight {unknown}
Miscellaneous
 k - a plain deck of destruction {drawn: 4}
 m - a plain deck of escape
 v - an ornate deck of escape {drawn: 1}
 C - an ornate deck of escape
Comestibles
 d - a chunk of flesh
 f - 5 rations


   Skills:
 + Level 5.2 Fighting
 + Level 7.1 Axes
 + Level 5.4 Armour
 - Level 1.4 Dodging
 - Level 0.4 Stealth
 + Level 5.5 Shields
 * Level 3.7 Unarmed Combat
 * Level 3.0 Spellcasting
 + Level 2.0 Invocations


You had 13 spell levels left.
You knew the following spells:

 Your Spells              Type           Power        Failure   Level  Hunger
a - Shock                 Conj/Air       #...         99%         1    ##.....

Your spell library contained the following spells:

 Spells                   Type           Power        Failure   Level  Hunger
 Beastly Appendage        Tmut           #.....       99%         1    ##.....
 Sticks to Snakes         Tmut           #.......     100%        2    ###....
 Swiftness                Chrm/Air       #.......     100%        2    ###....
 Spider Form              Tmut/Pois      #.........   100%        3    ####...
 Static Discharge         Conj/Air       #.......     100%        3    ####...
 Airstrike                Air            #.........   100%        4    #####..
 Ice Form                 Ice/Tmut       #.......     100%        4    #####..
 Blade Hands              Tmut           #.........   100%        5    ######.
 Lightning Bolt           Conj/Air       #.........   100%        5    ######.


Dungeon Overview and Level Annotations

Branches:
Dungeon (8/15)             Temple (0/1) D:5
   Lair: D:8-11

Altars:
Ashenzari
Cheibriados
Elyvilon
Gozag
Nemelex Xobeh
Ru
Zin
The Shining One


Innate Abilities, Weirdness & Mutations

You have claws for feet.
You are mostly covered in molten scales. (AC +3)
You sometimes gain a little power by taking damage.


Message History

* * * LOW HITPOINT WARNING * * *
You block the gnoll's attack. The gnoll sergeant barely misses you.
The gnoll barely misses you.
You completely miss the gnoll. You claw the gnoll.
The gnoll is moderately wounded.
You hit the gnoll sergeant but do no damage.
The gnoll hits you with a lajatang.
* * * LOW HITPOINT WARNING * * *
You block the gnoll's attack.
The gnoll sergeant hits you with a trident of protection!
* * * LOW HITPOINT WARNING * * *
You focus on the pain.
You feel very mighty all of a sudden. The gnoll hits you but does no damage.
You fail to use your ability.
You block the gnoll's attack. The gnoll hits you but does no damage.
The gnoll sergeant barely misses you. The gnoll barely misses you.
The gnoll hits you from afar with a spear.
You die...
Your body glows slightly and disappears.

#.....# #.....#
#.....#
###)######.
#####..........
#......%.....#.
#.###...gg...#
#...ggg###.#
#.#....@.# #
#).....†.#
###....†.#
+........
#......###
#......#
#......#
#......#
###...P.


You could see a gnoll sergeant and 4 gnolls.

Vanquished Creatures
  Sigmund (D:5)
  Grum (D:8)
  A water moccasin (D:5)
  3 porcupines (D:8)
  A sky beast (D:6)
  An ice beast (D:6)
  An orc warrior (D:7)
  A black bear (D:7)
  A phantom (D:7)
  An ogre (D:7)
  A crocodile (D:8)
  2 wolves (D:8)
  2 centaurs
  A big kobold (D:5)
  2 bullfrogs
  A scorpion (D:5)
  A water moccasin skeleton (D:6)
  A quasit (D:6)
  A crimson imp (D:5)
  2 hounds
  2 jellies (D:6)
  2 orc priests
  A bullfrog skeleton (D:7)
  2 iguanas
  6 worker ants
  2 hound skeletons (D:4)
  8 adders
  An ooze (D:1)
  3 adder skeletons
  2 dart slugs
  5 leopard geckos
  16 orcs
  A ball python (D:7)
  4 bats
  4 giant cockroaches
  5 goblins
  4 hobgoblins
  24 jackals
  2 quokkas
  2 frilled lizards
  A jackal skeleton (D:6)
  8 kobolds
  7 rats
138 creatures vanquished.

Vanquished Creatures (collateral kills)
  Joseph (D:7)
  An orc warrior (D:7)
  An orc wizard (D:7)
  An orc (D:7)
  A jackal (D:3)
5 creatures vanquished.

Vanquished Creatures (others)
  An orc (D:8)
  A fungus (D:8)
  A plant (D:8)
3 creatures vanquished.

Grand Total: 146 creatures vanquished

Notes
Turn   | Place    | Note
-------+----------+-------------------------------------------
     0 | D:1      | Reeggar the Demonspawn Fighter began the quest for the Orb.
     0 | D:1      | Reached XP level 1. HP: 18/18 MP: 1/1
   167 | D:1      | Reached skill level 2 in Axes
   195 | D:1      | Gained mutation: You have sharp toenails. [demonic
                  | ancestry]
   195 | D:1      | Reached XP level 2. HP: 24/24 MP: 2/2
   669 | D:1      | Gained mutation: You sometimes gain a little power by
                  | taking damage. [demonic ancestry]
   669 | D:1      | Reached XP level 3. HP: 28/29 MP: 3/3
   924 | D:2      | Found a sparkling altar of Nemelex Xobeh.
   954 | D:2      | Found a sacrificial altar of Ru.
  1182 | D:2      | Found a white marble altar of Elyvilon.
  1945 | D:2      | Became a worshipper of Nemelex Xobeh the Trickster
  2130 | D:3      | Reached XP level 4. HP: 35/35 MP: 4/4
  2140 | D:3      | Reached skill level 3 in Axes
  2202 | D:3      | Received a gift from Nemelex Xobeh
  2647 | D:3      | Found a snail-covered altar of Cheibriados.
  2885 | D:3      | Reached * piety under Nemelex Xobeh
  3187 | D:4      | Reached XP level 5. HP: 41/41 MP: 5/5
  3431 | D:4      | Found an opulent altar of Gozag.
  3431 | D:4      | Found a glowing silver altar of Zin.
  3627 | D:4      | Reached skill level 1 in Dodging
  3640 | D:4      | Received a gift from Nemelex Xobeh
  3714 | D:4      | Reached ** piety under Nemelex Xobeh
  4546 | D:5      | Entered Level 5 of the Dungeon
  4564 | D:5      | Found a staircase to the Ecumenical Temple.
  4573 | D:5      | Noticed Edmund
  4574 | D:5      | Noticed an ogre
  4578 | D:5      | Noticed an ice beast
  4590 | D:5      | Noticed a water moccasin
  4590 | D:5      | an ice beast changed into a water moccasin
  4590 | D:5      | Noticed Edmund
  4590 | D:5      | Edmund changed into Edmund the iguana
  4590 | D:5      | an ogre changed into a big kobold
  4601 | D:5      | Killed a water moccasin
  4601 | D:5      | Gained mutation: You are partially covered in molten
                  | scales. (AC +2) [demonic ancestry]
  4601 | D:5      | Reached XP level 6. HP: 17/48 MP: 6/6
  4605 | D:5      | Killed Edmund the iguana
  4608 | D:5      | Reached skill level 4 in Axes
  5091 | D:5      | Noticed Sigmund
  5108 | D:5      | Killed Sigmund
  5108 | D:5      | Gained mutation: You have razor-sharp toenails. [demonic
                  | ancestry]
  5108 | D:5      | Reached XP level 7. HP: 35/54 MP: 7/7
  5126 | D:5      | Received a gift from Nemelex Xobeh
  5191 | D:5      | Reached skill level 5 in Axes
  5947 | D:6      | Found a glowing golden altar of the Shining One.
  5966 | D:6      | Reached skill level 1 in Invocations
  5968 | D:6      | Reached skill level 1 in Unarmed Combat
  6238 | D:6      | Gained mutation: You are mostly covered in molten scales.
                  | (AC +3) [demonic ancestry]
  6238 | D:6      | Reached XP level 8. HP: 36/61 MP: 8/8
  6355 | D:6      | Received a gift from Nemelex Xobeh
  6450 | D:6      | Reached *** piety under Nemelex Xobeh
  6675 | D:6      | Learned a level 1 spell: Shock
  6997 | D:7      | Reached skill level 6 in Axes
  7173 | D:7      | Reached skill level 1 in Spellcasting
  7184 | D:7      | Noticed Joseph
  7193 | D:7      | Killed Joseph
  7362 | D:7      | Received a gift from Nemelex Xobeh
  7397 | D:7      | Reached skill level 5 in Fighting
  7397 | D:7      | Reached skill level 5 in Shields
  7426 | D:7      | Found a shattered altar of Ashenzari.
  7548 | D:7      | Reached skill level 5 in Armour
  7548 | D:7      | Gained mutation: You have claws for feet. [demonic
                  | ancestry]
  7548 | D:7      | Reached XP level 9. HP: 62/68 MP: 12/12
  8018 | D:8      | Noticed Grum
  8030 | D:8      | Killed Grum
  8050 | D:8      | Reached skill level 7 in Axes
  8063 | D:8      | HP: 2/68 [gnoll sergeant/trident of protection (12)]
  8064 | D:8      | Slain by a gnoll

Skill      XL: |  1  2  3  4  5  6  7  8  9 |
---------------+----------------------------+-----
Axes           | 2 3 4 5 6 7 |  7.1
Shields        | 3 4 5 |  5.5
Armour         | 3 4 5 |  5.4
Dodging        | 1 |  1.4
Fighting       | 4 5 |  5.2
Invocations    | 1 2 |  2.0
Unarmed Combat | 1 3 |  3.7
Spellcasting   | 2 3 |  3.0
Stealth        | |  0.4

Action                   |  1- 3 |  4- 6 |  7- 9 || total
-------------------------+-------+-------+-------++-------
Melee: War axe           |    89 |   123 |   212 ||   424
       Kick              |     9 |    33 |    57 ||    99
Evoke: Deck              |       |     4 |    12 ||    16
  Use: Scroll            |       |    11 |     2 ||    13
       Potion            |       |     3 |     3 ||     6
 Stab: Distracted        |       |       |     1 ||     1
  Eat: Ration            |     1 |     2 |     3 ||     6
       Chunk             |       |     3 |     2 ||     5
Armor: Scale mail        |    73 |    72 |   115 ||   260
       Chain mail        |       |       |    54 ||    54
Dodge: Dodged            |    45 |    41 |    88 ||   174
Block: Shield            |    54 |    88 |   160 ||   302
